 Dungeon Crawl Stone Soup version 0.25-a0-1133-g93ebf739aa (webtiles) character file.

Game seed: 7627762118810564162, levelgen mode: deterministic

758 vurker the Charlatan (level 8, -3/60 HPs)
             Began as a Human Artificer on May 20, 2020.
             Killed by divine providence
             ... invoked by an orc priest
              (13 damage)
             ... on level 4 of the Dungeon.
             The game lasted 00:07:08 (5513 turns).

vurker the Charlatan (Human Artificer)              Turns: 5513, Time: 00:07:09

Health: -3/60      AC: 16    Str: 15    XL:     8   Next: 7%
Magic:  11/11      EV:  6    Int: 11    God:
Gold:   310        SH:  0    Dex: 14    Spells: 7/7 levels left

rFire    . . .     SeeInvis .   r - +4 quarterstaff (chaos)
rCold    . . .     Gourm    .   (shield currently unavailable)
rNeg     . . .     Faith    .   m - +0 plate armour
rPois    .         Spirit   .   (no helmet)
rElec    .         Reflect  .   q - +2 cloak {rCorr}
rCorr    +         Harm     .   (no gloves)
MR       .....                  o - +0 pair of boots
Stlth    ..........             (no amulet)
HPRegen  0.20/turn              (no ring)
MPRegen  0.12/turn              (no ring)

@: no status effects
A: no striking features
a: no special abilities


You were on level 4 of the Dungeon.
You were not hungry.

You visited 1 branch of the dungeon, and saw 4 of its levels.

You collected 310 gold pieces.

Inventory:

Hand Weapons
 a - a +0 short sword
 f - a +1 mace of holy wrath
   (You found it on level 2 of the Dungeon)
 r - a +4 quarterstaff of chaos (weapon)
   (You took it off Crazy Yiuf on level 2 of the Dungeon)
Armour
 m - a +0 plate armour (worn)
   (You found it on level 1 of the Dungeon)
 o - a +0 pair of boots (worn)
   (You found it on level 2 of the Dungeon)
 q - a +2 cloak of preservation (worn)
   (You took it off Crazy Yiuf on level 2 of the Dungeon)
Jewellery
 A - an uncursed ring of resist corrosion {unknown}
   (You found it on level 4 of the Dungeon)
Wands
 d - a wand of enslavement (13)
 t - a wand of flame (7)
Scrolls
 b - 2 scrolls of identify {unknown}
 c - 3 scrolls of fog {unknown}
 g - 2 scrolls of remove curse {unknown}
 h - 3 scrolls of enchant weapon {unknown}
 l - a scroll of magic mapping {unknown}
 p - 3 scrolls of amnesia {unknown}
 s - a scroll of random uselessness {unknown}
 u - a scroll of teleportation {unknown}
 v - a scroll of enchant armour {unknown}
 y - a scroll of immolation {unknown}
Potions
 i - 3 potions of flight {unknown}
 j - 3 potions of berserk rage {unknown}
 k - a potion of might {unknown}
 n - a potion of lignification {unknown}
 w - a potion of haste
 x - a potion of invisibility {unknown}
 z - a potion of mutation {unknown}
Comestibles
 e - 6 rations


   Skills:
 + Level 4.1 Fighting
 - Level 1.0 Short Blades
 + Level 3.9 Armour
 + Level 4.4 Dodging
 - Level 1.0 Stealth
 + Level 5.1 Evocations


You had 7 spell levels left.
You didn't know any spells.
Your spell library was empty.

Dungeon Overview and Level Annotations

Branches:
Dungeon (4/15)
 Temple: D:4-7

Altars:
Fedhas
Qazlal
Trog
Xom
Yredelemnul


Message History

The orc wizard completely misses you.
Things that are here:
a +0 club; a +0 leather armour; an orc corpse You closely miss the orc wizard.
The orc wizard barely misses you.
You hit the orc wizard. You burn the orc wizard.
The orc wizard hits you but does no damage.
The orc priest miscasts a cantrip.
The orc wizard hits you but does no damage.
You closely miss the orc wizard.
The orc wizard hits you but does no damage.
You sock the orc wizard! You freeze the orc wizard.
You kill the orc wizard!
The orc priest invokes the aid of Beogh against you.
Beogh smites you!
The orc priest hits you but does no damage.
Things that are here:
a +0 dagger; a +0 robe You barely miss the orc priest.
The orc priest hits you with a +0 dagger.
The orc priest calls down the wrath of Beogh upon you.
You struggle to resist.
You sock the orc priest!
The orc priest suddenly seems more agile.
The orc priest hits you but does no damage.
You hit the orc priest. You burn the orc priest.
The orc priest hits you but does no damage.
Your plate armour prevents you from hitting the orc priest.
The orc priest mumbles some strange prayers to Beogh against you.
Pain shoots through your body! The orc priest barely misses you.
You closely miss the orc priest.
The orc priest hits you but does no damage.
You hit the orc priest.
You feel better.
The orc priest invokes the aid of Beogh against you.
Beogh smites you!
* * * LOW HITPOINT WARNING * * *
You miss the orc priest.
The orc priest hits you but does no damage.
You barely miss the orc priest.
The orc priest hits you but does no damage. x2
Your plate armour prevents you from hitting the orc priest.
The orc priest invokes the aid of Beogh against you.
Pain shoots through your body!
* * * LOW HITPOINT WARNING * * *
You closely miss the orc priest.
The orc priest hits you but does no damage.
You miss the orc priest.
The orc priest hits you but does no damage.
The orc priest calls down the wrath of Beogh upon you.
Beogh smites you!
You die...

.........##.# ###.#
.........##.# ###
.........##.#
..(......##.#
......[..##.#
.........##.#
............#
#####.......########
#..........)@o.#
#......#######.#
#......# # #......#
#......# #......#
#......# ########


You could see an orc priest (agile).

Vanquished Creatures
  Sigmund (D:2)
  A phantom (D:4)
  A bullfrog (D:4)
  A bullfrog skeleton (D:4)
  A hound (D:3)
  Crazy Yiuf (D:2)
  Terence (D:4)
  2 worker ants (D:4)
  2 orc wizards
  Robin (D:2)
  7 gnolls
  7 adders
  An ooze (D:2)
  A worm (D:3)
  3 leopard geckos
  5 orcs
  6 bats
  9 giant cockroaches
  14 goblins
  8 hobgoblins
  5 jackals
  2 quokkas (D:3)
  3 ball pythons (D:1)
  4 frilled lizards
  5 kobolds
  5 rats
97 creatures vanquished.

Vanquished Creatures (collateral kills)
  A goblin (D:2)
1 creature vanquished.

Vanquished Creatures (others)
  2 goblins (D:2)
2 creatures vanquished.

Grand Total: 100 creatures vanquished

Notes
Turn   | Place    | Note
-------+----------+-------------------------------------------
     0 | D:1      | vurker the Human Artificer began the quest for the Orb.
     0 | D:1      | Reached XP level 1. HP: 15/15 MP: 3/3
   236 | D:1      | Reached XP level 2. HP: 8/21 MP: 4/4
   757 | D:1      | Reached skill level 1 in Armour
   901 | D:1      | Reached XP level 3. HP: 26/26 MP: 5/5
  1210 | D:2      | Reached XP level 4. HP: 30/33 MP: 6/6
  1294 | D:2      | Found a stormy altar of Qazlal.
  1294 | D:2      | Noticed Terence
  1470 | D:2      | Noticed Robin
  1477 | D:2      | Reached XP level 5. HP: 30/38 MP: 7/7
  2188 | D:2      | Killed Robin
  2434 | D:2      | Noticed Sigmund
  2465 | D:2      | Killed Sigmund
  2465 | D:2      | Reached skill level 4 in Evocations
  2465 | D:2      | Reached XP level 6. HP: 15/47 MP: 7/9
  2899 | D:2      | Found a runed translucent door.
  2900 | D:2      | Noticed Crazy Yiuf
  3246 | D:2      | Paralysed by Crazy Yiuf for 2 turns
  3258 | D:2      | Killed Crazy Yiuf
  3794 | D:3      | Reached XP level 7. HP: 52/52 MP: 10/10
  4316 | D:3      | Found a basalt altar of Yredelemnul.
  4350 | D:3      | Found a blossoming altar of Fedhas.
  4944 | D:4      | Found a bloodstained altar of Trog.
  4949 | D:4      | Killed Terence
  5015 | D:4      | Reached skill level 5 in Evocations
  5272 | D:4      | Reached XP level 8. HP: 60/60 MP: 11/11
  5455 | D:4      | Found a shimmering altar of Xom.
  5513 | D:4      | Killed from afar by an orc priest

Illustrated notes

Levels and vault maps discovered:
D:1:      onia_arrival_mini_spirals, layout_loops_cross, minmay_heptomino_w4
D:2:      minmay_chambers_of_twos, layout_loops_ring, first_ration,
          grunt_qazlal_sundering, uniq_sigmund, uniq_crazy_yiuf_cottage,
          uniq_robin, uniq_terence
D:3:      layout_loops_ring, nicolae_overflow_hidden_temple, fedhas_altar_1
D:4:      layout_basic, kennysheep_mini_moat, bloody_trog

Skill      XL: |  1  2  3  4  5  6  7 |
---------------+----------------------+-----
Armour         | 1 2 3 |  3.9
Fighting       | 2 3 4 |  4.1
Dodging        | 3 4 |  4.4
Evocations     | 4 5 |  5.1
Short Blades   | |  1.0
Stealth        | |  1.0

Action                   |  1- 3 |  4- 6 |  7- 9 || total
-------------------------+-------+-------+-------++-------
Melee: Short sword       |    91 |   233 |       ||   324
       Quarterstaff      |       |     3 |   157 ||   160
Evoke: Wand              |     2 |    23 |       ||    25
 Stab: Sleeping          |     2 |       |       ||     2
       Paralysed         |       |     3 |       ||     3
  Eat: Chunk             |     1 |     7 |     7 ||    15
Armor: Leather armour    |    11 |       |       ||    11
       Ring mail         |    11 |       |       ||    11
       Plate armour      |    27 |   194 |   147 ||   368
Dodge: Dodged            |    49 |    64 |    51 ||   164

Table legend:
 A = Non-vault XP
 B = Vault XP
 C = Vault XP percentage of total XP
 D = Non-vault monster count
 E = Vault monster count
 F = Vault count percentage of total count
                 A         B        C        D         E       F
            +---------+---------+-------+---------+---------+-------
      Total |     714 |     370 |  34.1 |      71 |      28 |  28.3
            +---------+---------+-------+---------+---------+-------
        D:1 |      21 |      15 |  41.7 |      13 |       9 |  40.9
        D:2 |     151 |     319 |  67.9 |      23 |      18 |  43.9
        D:3 |     142 |       0 |   0.0 |      22 |       0 |   0.0
        D:4 |     400 |      36 |   8.3 |      13 |       1 |   7.1
            +---------+---------+-------+---------+---------+-------
